 Dungeon Crawl Stone Soup version 0.30-b1-5-g8e6c1be481 (webtiles) character file.

Game seed: 1951535373935009609

581 zeram the Chopper (level 7, 0/61 HPs)
             Began as a Hill Orc Fighter on May 4, 2023.
             Slain by Pikel
             ... wielding a +2 whip of freezing
              (1 damage)
             ... on level 4 of the Dungeon.
             The game lasted 00:04:22 (3819 turns).

zeram the Chopper (Hill Orc Fighter)                Turns: 3819, Time: 00:04:23

Health: 0/61       AC:  7    Str: 21    XL:     7   Next: 36%
Magic:  0/7        EV:  9    Int:  8    God:
Gold:   204        SH:  5    Dex: 10    Spells: 6/6 levels left

rFire   . . .        a - +1 war axe
rCold   + . .        c - +1 buckler
rNeg    . . .        b - +0 scale mail
rPois   .            (no helmet)
rElec   .            (no cloak)
rCorr   .            (no gloves)
SInv    .            (no boots)
Will    .....        m - amulet of guardian spirit Stlth
                     l - ring of protection from cold
HPRegen 0.30/turn    (no ring)
MPRegen 0.10/turn

%: guardian spirit
@: no status effects
A: no striking features
a: no special abilities


You were on level 4 of the Dungeon.
You visited 1 branch of the dungeon, and saw 5 of its levels.

You collected 204 gold pieces.

Inventory:

Hand Weapons
 a - a +1 war axe (weapon)
Armour
 b - a +0 scale mail (worn)
 c - a +1 buckler (worn)
Jewellery
 l - a ring of protection from cold (left hand)
 m - an amulet of guardian spirit (around neck)
 p - an amulet of faith
 r - a +6 ring of intelligence
Wands
 w - a wand of polymorph (3)
 x - a wand of roots (1)
Scrolls
 e - a scroll of poison {unknown}
 f - a scroll of vulnerability
 g - 2 scrolls of amnesia
 h - 2 scrolls of teleportation
 o - a scroll of silence
 q - a scroll of enchant armour
 t - 3 scrolls of identify
 v - a scroll of fog {unknown}
Potions
 d - a potion of might
 i - 3 potions of flight
 j - 5 potions of curing
 k - 2 potions of haste
 n - 3 potions of resistance
 s - a potion of magic {unknown}
 u - a potion of lignification {unknown}


   Skills:
 + Level 5.2 Fighting
 + Level 6.9 Axes
 + Level 5.3 Armour
 + Level 1.2 Dodging
 + Level 4.2 Shields


You had 6 spell levels left.
You didn't know any spells.
Your spell library contained the following spells:

 Spells                   Type           Power      Damage    Failure   Level
 Beastly Appendage        Tmut           0%         N/A       80%         1
 Wereblood                Tmut           0%         N/A       91%         2
 Spider Form              Tmut/Pois      0%         N/A       99%         3
 Tukima's Dance           Hex            0%         N/A       99%         3
 Passage of Golubria      Tloc           0%         N/A       100%        4
 Yara's Violent Unravell  Hex/Tmut       0%         3d3       100%        5


Dungeon Overview and Level Annotations

Branches:
Dungeon (5/15)
 Temple: D:4-7

Altars:
Nemelex Xobeh
Yredelemnul

Shops:
D:4 ?

Annotations:
D:4 Pikel


Message History

The lemure hits you but does no damage.
Unknown command.
You hit Pikel but do no damage.
Pikel is severely wounded.
You hit the lemure but do no damage. Pikel hits you but does no damage.
The lemure hits you.
* * * LOW HITPOINT WARNING * * *
Unknown command.
You barely miss Pikel.
Pikel is severely wounded.
You closely miss the lemure.
Pikel hits you with a +2 whip of freezing.
* * * LOW HITPOINT WARNING * * *
The lemure completely misses you.
Unknown command.
You closely miss Pikel.
Pikel is severely wounded.
You hit the lemure. Pikel hits you but does no damage.
The lemure hits you but does no damage. You block Pikel's attack.
The lemure hits you but does no damage.
Unknown command.
You hit Pikel.
Pikel is severely wounded.
You barely miss the lemure.
Pikel hits you with a +2 whip of freezing.
* * * LOW HITPOINT WARNING * * *
Pikel freezes you. The lemure hits you.
* * * LOW HITPOINT WARNING * * *
You feel better.
Pikel hits you with a +2 whip of freezing.
* * * LOW HITPOINT WARNING * * *
The lemure hits you.
* * * LOW HITPOINT WARNING * * *
You hit Pikel.
Pikel is almost dead.
You hit the lemure but do no damage.
Pikel hits you with a +2 whip of freezing.
* * * LOW HITPOINT WARNING * * *
Pikel freezes you.
You die...

#####.....(# ####.........## #
#............## ##
##.............# # .##
#..............# # ..##
#..............## # ...#
#...............## #
######.........K......### ##
...#.#.........5@.......### #.
≈§....#...................### #.
§≈§....<...........##.......####.
§§§..#..###.........###.......##.
§≈≈.##.## ########...####........
≈≈§.##.# ##...#####......
...##..# ##...# ###.... ########
###.# ##### ###


You could see Pikel and a lemure.

Vanquished Creatures
  Duvessa (D:4)
  An ogre (D:4)
  2 lemures (D:4)
  A scorpion (D:4)
  Dowan (D:4)
  An orc priest (D:4)
  2 iguanas (D:4)
  An orc wizard (D:4)
  4 adders
  4 gnolls
  2 worms (D:2)
  2 dart slugs (D:2)
  5 orcs (D:4)
  9 endoplasms
  2 giant cockroaches
  7 goblins
  9 hobgoblins
  3 jackals (D:2)
  3 quokkas
  11 ball pythons
  6 bats
  3 frilled lizards
  9 kobolds
  10 rats
99 creatures vanquished.

Vanquished Creatures (others)
  34 plants (D:2)
34 creatures vanquished.

Grand Total: 133 creatures vanquished

Notes
Turn   | Place    | Note
-------+----------+-------------------------------------------
     0 | D:1      | zeram the Hill Orc Fighter began the quest for the Orb.
     0 | D:1      | Reached XP level 1. HP: 19/19 MP: 1/1
   105 | D:1      | Reached skill level 3 in Axes
   108 | D:1      | Reached XP level 2. HP: 25/27 MP: 2/2
   331 | D:1      | Reached XP level 3. HP: 28/33 MP: 3/3
  1212 | D:2      | Reached XP level 4. HP: 40/40 MP: 4/4
  1406 | D:2      | Reached skill level 4 in Axes
  1820 | D:3      | Reached XP level 5. HP: 29/46 MP: 3/5
  2032 | D:3      | Found a faded altar of an unknown god.
  2559 | D:4      | Noticed an ogre
  2565 | D:4      | Killed an ogre
  2566 | D:4      | Reached skill level 5 in Axes
  2566 | D:4      | Reached XP level 6. HP: 53/53 MP: 6/6
  2617 | D:4      | Found a sparkling altar of Nemelex Xobeh.
  2797 | D:4      | Found Fuefaongim's Magic Scroll Emporium.
  2885 | D:4      | Noticed Duvessa
  2885 | D:4      | Noticed Dowan
  3209 | D:4      | Reached skill level 6 in Axes
  3209 | D:4      | Reached skill level 1 in Dodging
  3211 | D:4      | Reached skill level 5 in Armour
  3347 | D:4      | Killed Duvessa
  3348 | D:4      | Reached skill level 5 in Fighting
  3348 | D:4      | Reached XP level 7. HP: 49/61 MP: 5/7
  3366 | D:4      | Killed Dowan
  3533 | D:4      | Found a basalt altar of Yredelemnul.
  3796 | D:5      | Entered Level 5 of the Dungeon
  3796 | D:5      | Noticed Pikel
  3819 | D:4      | HP: 1/61 [Pikel/+2 whip of freezing (5)]
  3819 | D:4      | Slain by Pikel

Illustrated notes

Levels and vault maps discovered:
D:1:      shiori_arrival_maze, layout_basic, st_stairs_7, nrook_uturn
D:2:      layout_loops_ring, serial_bayou, serial_bayou_pond_b,
          serial_bayou_ford_a, serial_bayou_lagoon_a, serial_bayou_pond_d,
          serial_bayou_crossing, serial_bayou_lagoon_b,
          nicolae_elevator_lobby_asterisk
D:3:      layout_basic, ebering_ecumenical_altar_webs
D:4:      layout_cave_pods, lemuel_tele_altar,
          nemelex_xobeh_ov_fountains_minmay, serial_shops,
          nicolae_lakefront_shop, minivault_23, uniq_duvessa
D:5:      layout_rooms, nicolae_dithmenos_the_darkroom, serial_shops,
          kennysheep_mini_moat, sigmund_edmund_badplayer, uniq_pikel

Skill      XL: |  1  2  3  4  5  6 |
---------------+-------------------+-----
Axes           | 3 4 5 6 |  6.9
Fighting       | 4 5 |  5.2
Armour         | 4 5 |  5.3
Shields        | 4 |  4.2
Dodging        | 1 |  1.2

Action                     |  1- 3 |  4- 6 |  7- 9 || total
---------------------------+-------+-------+-------++-------
  Melee: War axe           |    93 |   131 |    37 ||   261
    Use: Scroll            |     8 |     6 |       ||    14
         Potion            |       |     1 |     1 ||     2
 Armour: Scale mail        |    35 |    64 |    32 ||   131
  Dodge: Dodged            |    53 |    55 |    26 ||   134
  Block: Buckler           |    32 |    30 |    17 ||    79
